 Dungeon Crawl Stone Soup version 0.30-a0-862-g1aabd4f9c5 (webtiles) character file.

Game seed: 9288700115196632556

46 holysushi the Cutter (level 3, -1/26 HPs)
             Began as an Octopode Monk on Mar 9, 2023.
             Slain by Robin
             ... wielding a +6 whip of venom
              (6 damage)
             ... on level 2 of the Dungeon.
             The game lasted 00:01:17 (1079 turns).

holysushi the Cutter (Octopode Monk)                Turns: 1079, Time: 00:01:17

Health: -1/26      AC:  1    Str:  9    XL:     3   Next: 66%
Magic:  3/3        EV: 14    Int: 16    God:
Gold:   61         SH:  0    Dex: 15    Spells: 2/2 levels left

rFire   . . .      SeeInvis .    a - +0 short sword
rCold   . . .      Faith    .    (no shield)
rNeg    . . .      Spirit   .    (helmet restricted)
rPois   .          Reflect  .    (no amulet)
rElec   .          Rampage  .    (no ring)
rCorr   .                        (no ring)
Will    .....                    (no ring)
Stlth   +++                      (no ring)
HPRegen 0.24/turn                (no ring)
MPRegen 0.08/turn                (no ring)
                                 (no ring)
                                 (no ring)

@: lethally poisoned (-1 -> -13)
A: almost no armour, amphibious, 8 rings, camouflage 1, gelatinous body 1,
(nimble swimmer 1), tentacles, clever 1
a: no special abilities


You were on level 2 of the Dungeon.
You visited 1 branch of the dungeon, and saw 2 of its levels.

You collected 61 gold pieces.

Inventory:

Hand Weapons
 a - a +0 short sword (weapon)
Jewellery
 e - an amulet of guardian spirit
 h - a ring of fire
Scrolls
 d - a scroll of poison {unknown}
 g - a scroll of amnesia {unknown}
 i - a scroll of blinking {unknown}
 k - a scroll of identify {unknown}
 l - 3 scrolls of teleportation {unknown}
Potions
 c - a potion of mutation
 f - a potion of curing {unknown}


   Skills:
 - Level 3.0 Fighting
 + Level 4.5 Short Blades
 - Level 3.0 Dodging
 - Level 2.6 Stealth


You had 2 spell levels left.
You didn't know any spells.
Your spell library was empty.

Dungeon Overview and Level Annotations

Branches:
Dungeon (2/15) Zot: 10935

Altars:

Annotations:
D:1 exclusion: downstairs
D:2 Robin


Innate Abilities, Weirdness & Mutations

You cannot wear most types of armour.
You are amphibious.
You can wear up to eight rings at the same time.
Your skin changes colour to match your surroundings (Stealth+).
Your rubbery body absorbs attacks. (AC +1, EV +1)
((You are camouflaged when in or above water. (Stealth+)))
You have tentacles for arms and can constrict up to eight enemies at once.
Your mind is acute. (Int +4, Str/Dex -1)


Message History

* * * LOW HITPOINT WARNING * * *
You feel sick. The goblin closely misses you. Robin closely misses you.
You hit the goblin but do no damage. You squeeze the goblin.
You kill the goblin!
You constrict Robin.
* * * LOW HITPOINT WARNING * * *
You feel sick.
You hit Robin but do no damage.
You tentacle-slap Robin, but do no damage.
Robin is moderately wounded.
You constrict Robin.
* * * LOW HITPOINT WARNING * * *
You feel sick. Robin hits you with a +6 whip of venom.
* * * LOW HITPOINT WARNING * * *
You are more poisoned.
You are confused.
You feel invigorated.
You constrict Robin.
* * * LOW HITPOINT WARNING * * *
You feel sick. Robin barely misses you.
You release your grip on Robin.
* * * LOW HITPOINT WARNING * * *
You feel sick.
You bump into the rock wall.
You feel sick. Robin closely misses you.
You feel sick.
You bump into the rock wall.
You feel sick. Robin closely misses you.
You feel sick. Robin hits you with a +6 whip of venom.
You are more poisoned.
You feel sick.
You bump into the rock wall.
You feel less invigorated.
You feel less confused.
You feel sick. Robin barely misses you.
It was a potion of mutation.
You feel extremely strange.
You feel clever.
You feel sick. Robin hits you with a +6 whip of venom!
You are lethally poisoned!
It was a potion of cancellation.
You feel magically purged.
* * * LOW HITPOINT WARNING * * *
You feel very sick. Robin hits you with a +6 whip of venom.
You die...

#########################......
...........................###.
#########.#.#########..##..###.
#.#.# #.......... #.#.#
#..##..#### #.#.# #..##..#
######.#.#########..##..####
................>............
#######.†).g@.........#......
###'######.##...#..####
#.....)....# #.##...#..# #
#..........###.##...#..####
#..........+........#......
#..........###.............
#..........# #.##...#.####.
#..........# #.##...#[.....
############ #.##..........


You could see Robin.

Vanquished Creatures
  A dart slug (D:1)
  3 endoplasms (D:1)
  A giant cockroach (D:1)
  6 hobgoblins
  4 jackals (D:1)
  2 quokkas
  4 ball pythons (D:1)
  5 bats (D:1)
  2 frilled lizards (D:1)
  7 goblins (D:2)
  2 rats (D:2)
37 creatures vanquished.

Notes
Turn   | Place    | Note
-------+----------+-------------------------------------------
     0 | D:1      | holysushi the Octopode Monk began the quest for the Orb.
     0 | D:1      | Reached XP level 1. HP: 16/16 MP: 1/1
    97 | D:1      | Reached XP level 2. HP: 21/21 MP: 2/2
   147 | D:1      | You fall into a shaft and drop 1 floor!
   205 | D:2      | Noticed Robin
   245 | D:1      | Reached skill level 4 in Short Blades
   290 | D:1      | Reached XP level 3. HP: 24/26 MP: 3/3
  1069 | D:2      | HP: 1/26 [Robin/+6 whip of venom (1)]
  1078 | D:2      | Gained mutation: Your mind is acute. (Int +4, Str/Dex -1)
                  | [potion of mutation]
  1079 | D:2      | Slain by Robin

Illustrated notes

Levels and vault maps discovered:
D:1:      dpeg_arrival_shrine, layout_loops_ring, st_stairs_9
D:2:      layout_basic, uniq_robin

Skill      XL: |  1  2 |
---------------+-------+-----
Short Blades   | 4 |  4.5
Fighting       | |  3.0
Dodging        | |  3.0
Stealth        | |  2.6

Action                     || total
---------------------------++-------
  Melee: Short sword       ||    73
         Tentacles         ||    15
         Constrict         ||    22
         Punch             ||     1
    Use: Potion            ||     3
   Stab: Sleeping          ||     6
 Armour: Skin              ||     4
  Dodge: Dodged            ||    36

Table legend: (Time is in decaauts)
 A = Elapsed time spent in this place.
 B = Non-inter-level travel time spent in this place.
 C = Inter-level travel time spent in this place.
 D = Time resting spent in this place.
 E = Time spent auto-exploring this place.
 F = Levels seen in this place.
 G = Mean time per level.
                   A        B        C        D        E       F      G
               +--------+--------+--------+--------+--------+-----+--------+
         Total |   1064 |   1048 |     16 |      3 |    787 |   2 |  532.0 |
       Dungeon |   1064 |   1048 |     16 |      3 |    787 |   2 |  532.0 |
               +--------+--------+--------+--------+--------+-----+--------+

Top non-repeatable levels by time:
     D:1: 722 daAuts
     D:2: 341 daAuts
